ITL
UTICA UNICORNS @ HAVANA ROLLERS
08/29/2029
 
TOP OF THE 1ST
Utica Unicorns batting - Pitching for Havana Rollers : RHP Paço Boda
Pitching: RHP Paço Boda
Batting: RHB Kenny Cole 0-0: Ball
1-0: Called Strike
1-1: Ball
2-1: Fly out, F9 (Flyball, 9S)
Batting: RHB Héctor Jiménez 0-0: Ball
1-0: SOLO HOME RUN (Flyball, 9D), Distance : 381 ft
Batting: RHB Doug Brown 0-0: Ground out 5-3 (Groundball, 56)
Batting: LHB José Román 0-0: DOUBLE (Line Drive, 78XD) - OUT at third base trying to stretch hit.
Top of the 1st over - 1 run, 2 hits, 0 errors, 0 left on base; Utica 1 - Havana 0
BOTTOM OF THE 1ST
Havana Rollers batting - Pitching for Utica Unicorns : LHP Sloan Sanders
Pitching: LHP Sloan Sanders
Batting: LHB José Torres 0-0: Called Strike
0-1: Called Strike
0-2: Ball
1-2: Ball
2-2: Ball
3-2: Strikes out looking
Batting: RHB Soshu Nakamura 0-0: Called Strike
0-1: Ground out 6-3 (Groundball, 6)
Batting: LHB Enrique Cortéz 0-0: Called Strike
0-1: Ball
1-1: Ground out 4-3 (Groundball, 4M)
Bottom of the 1st over - 0 runs, 0 hits, 0 errors, 0 left on base; Utica 1 - Havana 0
TOP OF THE 2ND
Utica Unicorns batting - Pitching for Havana Rollers : RHP Paço Boda
Batting: RHB Franklin Shaw 0-0: Called Strike
0-1: Ball
1-1: Foul Ball, location: 2F
1-2: SINGLE (Flyball, 9S)
Batting: LHB Mitchell Oglethorpe 0-0: Ball
1-0: Foul Ball, location: 2F
1-1: Foul Ball, location: 2F
1-2: Foul Ball, location: 2F
1-2: Foul Ball, location: 2F
1-2: Ball
2-2: Ball
3-2: Ground out 4-3 (Groundball, 4S)
Franklin Shaw to second
Batting: RHB Gustavo Rodríguez 0-0: Fly out, F8 (Flyball, 89D)
Batting: LHB Patrick Bright 0-0: Ball
1-0: Ball
2-0: Ball
3-0: Base on Balls
Batting: LHB Bill Hall 0-0: Foul Ball, location: 2F
0-1: Ball
1-1: Ball
2-1: Foul Ball, location: 2F
2-2: Ball
3-2: SINGLE (Groundball, 4MD)
Franklin Shaw to third
Patrick Bright to second
Franklin Shaw scores
Patrick Bright to third
Batting: RHB Kenny Cole 0-0: Ball
1-0: Ball
2-0: Ball
3-0: Called Strike
3-1: Foul Ball, location: 2F
3-2: Foul Ball, location: 2F
3-2: Base on Balls
Bill Hall to second
Batting: RHB Héctor Jiménez 0-0: Ball
1-0: Called Strike
1-1: Ball
2-1: Foul Ball, location: 2F
2-2: Foul Ball, location: 2F
2-2: Ball
3-2: Foul Ball, location: 2F
3-2: DOUBLE (Line Drive, 9LS)
Patrick Bright scores
Bill Hall scores
Kenny Cole to third
Kenny Cole scores
Batting: RHB Doug Brown 0-0: Ball
1-0: SINGLE (Groundball, 4MD)
Héctor Jiménez to third
Runner from 3rd tries for Home, SAFE, no throw
Batting: LHB José Román 0-0: Swinging Strike
0-1: Ball
1-1: Ball
2-1: Called Strike
2-2: Foul Ball, location: 2F
2-2: Foul Ball, location: 2F
2-2: Strikes out swinging
Top of the 2nd over - 5 runs, 4 hits, 0 errors, 1 left on base; Utica 6 - Havana 0
BOTTOM OF THE 2ND
Havana Rollers batting - Pitching for Utica Unicorns : LHP Sloan Sanders
Batting: RHB Brant Sherman 0-0: Ball
1-0: Foul Ball, location: 2F
1-1: Called Strike
1-2: Strikes out swinging
Batting: RHB Chad Case 0-0: Called Strike
0-1: Called Strike
0-2: Strikes out looking
Batting: RHB Tommy Davenport 0-0: Called Strike
0-1: Foul Ball, location: 2F
0-2: Foul Ball, location: 2F
0-2: Ball
1-2: Ground out 5-3 (Groundball, 56S)
Bottom of the 2nd over - 0 runs, 0 hits, 0 errors, 0 left on base; Utica 6 - Havana 0
TOP OF THE 3RD
Utica Unicorns batting - Pitching for Havana Rollers : RHP Paço Boda
Batting: RHB Franklin Shaw 0-0: Called Strike
0-1: Swinging Strike
0-2: Ball
1-2: Strikes out looking
Batting: LHB Mitchell Oglethorpe 0-0: Ball
1-0: Fly out, F7 (Flyball, 78M)
Batting: RHB Gustavo Rodríguez 0-0: Called Strike
0-1: SINGLE (Groundball, 34D)
Batting: LHB Patrick Bright 0-0: Called Strike
0-1: Ground out 4-3 (Groundball, 4)
Top of the 3rd over - 0 runs, 1 hit, 0 errors, 1 left on base; Utica 6 - Havana 0
BOTTOM OF THE 3RD
Havana Rollers batting - Pitching for Utica Unicorns : LHP Sloan Sanders
Batting: LHB Shiro Ueno 0-0: Called Strike
0-1: Foul Ball, location: 2F
0-2: Strikes out swinging
Batting: RHB Mitsuharu Matsumoto 0-0: Ball
1-0: Foul Ball, location: 2F
1-1: Swinging Strike
1-2: Strikes out swinging
Batting: LHB Zhi-huan Loong 0-0: Foul Ball, location: 2F
0-1: Ball
1-1: Swinging Strike
1-2: Fly out, F7 (Line Drive, 7)
Bottom of the 3rd over - 0 runs, 0 hits, 0 errors, 0 left on base; Utica 6 - Havana 0
TOP OF THE 4TH
Utica Unicorns batting - Pitching for Havana Rollers : RHP Paço Boda
Batting: LHB Bill Hall 0-0: Ball
1-0: Ball
2-0: Foul Ball, location: 2F
2-1: Fly out, F3 (Line Drive, 3S)
Batting: RHB Kenny Cole 0-0: Ball
1-0: Ball
2-0: Called Strike
2-1: SINGLE (Line Drive, 6MD)
Batting: RHB Héctor Jiménez 0-0: Called Strike
0-1: Foul Ball, location: 2F
0-2: 2-RUN HOME RUN (Flyball, 78XD), Distance : 423 ft
Batting: RHB Doug Brown 0-0: Called Strike
0-1: Fly out, F8 (Flyball, 8LS)
Batting: LHB José Román 0-0: Ball
1-0: Fly out, F5 (Popup, 56)
Top of the 4th over - 2 runs, 2 hits, 0 errors, 0 left on base; Utica 8 - Havana 0
BOTTOM OF THE 4TH
Havana Rollers batting - Pitching for Utica Unicorns : LHP Sloan Sanders
Batting: LHB José Torres 0-0: Ball
1-0: Ball
2-0: Foul Ball, location: 2F
2-1: Swinging Strike
2-2: Ball
3-2: Base on Balls
Batting: RHB Soshu Nakamura 0-0: Called Strike
0-1: Ball
1-1: Ball
2-1: Ball
3-1: Called Strike
3-2: Foul Ball, location: 2F
3-2: DOUBLE (Line Drive, 78XD)
José Torres to third
Runner from 3rd tries for Home, SAFE, no throw
Batting: LHB Enrique Cortéz 0-0: Foul Ball, location: 2F
0-1: Foul Ball, location: 2F
0-2: Strikes out swinging
Batting: RHB Brant Sherman 0-0: Ball
1-0: Swinging Strike
1-1: Foul Ball, location: 2F
1-2: Ground out 6-3 (Groundball, 6)
Batting: RHB Chad Case 0-0: Swinging Strike
0-1: Ball
1-1: Ball
2-1: Swinging Strike
2-2: Ball
3-2: Base on Balls
Batting: RHB Tommy Davenport 0-0: SINGLE (Groundball, 56D)
Soshu Nakamura to third
Chad Case to second
Runner from 3rd tries for Home, SAFE, no throw
Batting: LHB Shiro Ueno 0-0: Foul Ball, location: 2F
0-1: Ball
1-1: Ball
2-1: Called Strike
2-2: Strikes out swinging
Bottom of the 4th over - 2 runs, 2 hits, 0 errors, 2 left on base; Utica 8 - Havana 2
TOP OF THE 5TH
Utica Unicorns batting - Pitching for Havana Rollers : RHP Paço Boda
Batting: RHB Franklin Shaw 0-0: Ball
1-0: Foul Ball, location: 2F
1-1: Foul Ball, location: 2F
1-2: Ball
2-2: Foul Ball, location: 2F
2-2: Foul Ball, location: 2F
2-2: Strikes out looking
Batting: LHB Mitchell Oglethorpe 0-0: Ground out 1-3 (Groundball, 13S)
Batting: RHB Gustavo Rodríguez 0-0: Called Strike
0-1: Called Strike
0-2: Ball
1-2: Strikes out swinging
Top of the 5th over - 0 runs, 0 hits, 0 errors, 0 left on base; Utica 8 - Havana 2
BOTTOM OF THE 5TH
Havana Rollers batting - Pitching for Utica Unicorns : LHP Sloan Sanders
Batting: RHB Mitsuharu Matsumoto 0-0: Called Strike
0-1: Called Strike
0-2: Ball
1-2: Ground out 5-3 (Groundball, 56S)
Batting: LHB Zhi-huan Loong 0-0: Swinging Strike
0-1: Ball
1-1: Ball
2-1: SINGLE (Line Drive, 4)
Batting: LHB José Torres 0-0: Called Strike
Zhi-huan Loong is caught stealing 2nd base
0-1: Ball
1-1: Called Strike
1-2: Foul Ball, location: 2F
1-2: Ground out 4-3 (Groundball, 4M)
Bottom of the 5th over - 0 runs, 1 hit, 0 errors, 0 left on base; Utica 8 - Havana 2
TOP OF THE 6TH
Utica Unicorns batting - Pitching for Havana Rollers : RHP Paço Boda
Pitching: LHP Nick Clayton
Batting: LHB Patrick Bright 0-0: Foul Ball, location: 2F
0-1: Foul Ball, location: 2F
0-2: Ball
1-2: Strikes out looking
Batting: LHB Bill Hall 0-0: Swinging Strike
0-1: Ball
1-1: Ball
2-1: Ground out 4-3 (Groundball, 4)
Batting: RHB Kenny Cole 0-0: Ball
1-0: Called Strike
1-1: Swinging Strike
1-2: Ball
2-2: Ball
3-2: Strikes out swinging
Top of the 6th over - 0 runs, 0 hits, 0 errors, 0 left on base; Utica 8 - Havana 2
BOTTOM OF THE 6TH
Havana Rollers batting - Pitching for Utica Unicorns : LHP Sloan Sanders
Batting: RHB Soshu Nakamura 0-0: Ball
1-0: Ball
2-0: Ball
3-0: Base on Balls
Batting: LHB Enrique Cortéz 0-0: Ball
1-0: Foul Ball, location: 2F
1-1: Ball
2-1: Fly out, F7 (Flyball, 7D)
Batting: RHB Brant Sherman 0-0: Ball
1-0: Ball
2-0: Called Strike
2-1: SINGLE (Groundball, 4) (infield hit)
Soshu Nakamura to second
Batting: RHB Chad Case 0-0: Ball
1-0: Ball
Throwing error on steal attempt, E2
Soshu Nakamura scores
Brant Sherman to third
2-0: Ball
3-0: Called Strike
3-1: Foul Ball, location: 2F
3-2: Foul Ball, location: 2F
3-2: Strikes out swinging
Batting: RHB Tommy Davenport 0-0: Swinging Strike
0-1: Called Strike
0-2: Strikes out looking
Bottom of the 6th over - 1 run, 1 hit, 1 error, 1 left on base; Utica 8 - Havana 3
TOP OF THE 7TH
Utica Unicorns batting - Pitching for Havana Rollers : LHP Nick Clayton
Batting: RHB Héctor Jiménez 0-0: Ball
1-0: Called Strike
1-1: Ball
2-1: Ball
3-1: Foul Ball, location: 2F
3-2: Foul Ball, location: 2F
3-2: Base on Balls
Batting: RHB Doug Brown 0-0: DOUBLE (Line Drive, 7LM)
Héctor Jiménez to third
Runner from 3rd tries for Home, SAFE, no throw
Batting: LHB José Román 0-0: Ball
1-0: Called Strike
1-1: Ball
2-1: Called Strike
2-2: Fly out, F4 (Popup, 3DF)
Batting: RHB Franklin Shaw 0-0: Foul Ball, location: 2F
0-1: Ball
1-1: Swinging Strike
1-2: Foul Ball, location: 2F
1-2: Ball
2-2: Strikes out swinging
Batting: LHB Mitchell Oglethorpe 0-0: Ball
1-0: Ball
2-0: Ball
3-0: Called Strike
3-1: Base on Balls
Batting: RHB Gustavo Rodríguez 0-0: Fly out, F6 (Line Drive, 6)
Top of the 7th over - 1 run, 1 hit, 0 errors, 2 left on base; Utica 9 - Havana 3
BOTTOM OF THE 7TH
Havana Rollers batting - Pitching for Utica Unicorns : LHP Sloan Sanders
Batting: LHB Shiro Ueno 0-0: Called Strike
0-1: Swinging Strike
0-2: Ball
1-2: Ball
2-2: Ground out 5-3 (Groundball, 56)
Batting: RHB Mitsuharu Matsumoto 0-0: Swinging Strike
0-1: Swinging Strike
0-2: Foul Ball, location: 2F
0-2: Foul Ball, location: 2F
0-2: Strikes out looking
Batting: LHB Zhi-huan Loong 0-0: Called Strike
0-1: Called Strike
0-2: Foul Ball, location: 2F
0-2: Hit by Pitch
Batting: LHB José Torres 0-0: Called Strike
0-1: Foul Ball, location: 2F
0-2: Ground out 4-3 (Groundball, 4)
Bottom of the 7th over - 0 runs, 0 hits, 0 errors, 1 left on base; Utica 9 - Havana 3
TOP OF THE 8TH
Utica Unicorns batting - Pitching for Havana Rollers : LHP Nick Clayton
Batting: LHB Patrick Bright 0-0: Called Strike
0-1: Ball
1-1: Foul Ball, location: 2F
1-2: Strikes out swinging
Batting: LHB Bill Hall 0-0: Ball
1-0: Fly out, F7 (Line Drive, 7)
Batting: RHB Kenny Cole 0-0: Called Strike
0-1: Ball
1-1: Foul Ball, location: 2F
1-2: Foul Ball, location: 2F
1-2: Foul Ball, location: 2F
1-2: SINGLE (Line Drive, 56)
Batting: RHB Héctor Jiménez 0-0: Ball
1-0: Foul Ball, location: 2F
1-1: Ball
2-1: Ball
3-1: Called Strike
3-2: Foul Ball, location: 2F
3-2: Foul Ball, location: 2F
3-2: Base on Balls
Kenny Cole to second
Batting: RHB Doug Brown 0-0: Ball
1-0: Called Strike
1-1: Ball
2-1: Swinging Strike
2-2: Strikes out swinging
Top of the 8th over - 0 runs, 1 hit, 0 errors, 2 left on base; Utica 9 - Havana 3
BOTTOM OF THE 8TH
Havana Rollers batting - Pitching for Utica Unicorns : LHP Sloan Sanders
Pitching: RHP Alfredo Montero
Batting: RHB Soshu Nakamura 0-0: Called Strike
0-1: Ball
1-1: Ball
2-1: SINGLE (Groundball, 4M) (infield hit)
Batting: LHB Enrique Cortéz 0-0: Called Strike
0-1: DOUBLE (Line Drive, 7LS)
Soshu Nakamura to third
Batting: RHB Brant Sherman 0-0: Ball
1-0: Ball
2-0: Ball
3-0: Called Strike
3-1: Base on Balls
Batting: RHB Chad Case 0-0: Ball
1-0: Called Strike
1-1: Reached on error, E4 (Groundball, 34)
Soshu Nakamura scores
Enrique Cortéz to third
Brant Sherman to second
Batting: RHB Tommy Davenport 0-0: Foul Ball, location: 2F
0-1: Called Strike
0-2: Ball
1-2: Ball
2-2: SINGLE (Groundball, 34S) (infield hit)
Enrique Cortéz scores
Brant Sherman to third
Chad Case to second
Pitching: RHP Mario González
Batting: LHB Shiro Ueno 0-0: Ball
1-0: Foul Ball, location: 2F
1-1: Called Strike
1-2: Fly out, F3 (Line Drive, 34)
Lined into DP, U3 (Line Drive, 34)
Batting: RHB Mitsuharu Matsumoto 0-0: Called Strike
0-1: Called Strike
0-2: Ground out 5-3 (Groundball, 56S)
Bottom of the 8th over - 2 runs, 3 hits, 1 error, 2 left on base; Utica 9 - Havana 5
TOP OF THE 9TH
Utica Unicorns batting - Pitching for Havana Rollers : LHP Nick Clayton
Pitching: RHP Guan-cai Yong
Batting: LHB José Román 0-0: Called Strike
0-1: Ball
1-1: Swinging Strike
1-2: Foul Ball, location: 2F
1-2: Strikes out swinging, 2-3 out at first.
Batting: RHB Franklin Shaw 0-0: Called Strike
0-1: Foul Ball, location: 2F
0-2: SINGLE (Groundball, 6D)
Batting: LHB Mitchell Oglethorpe 0-0: Called Strike
0-1: Ball
1-1: Foul Ball, location: 2F
1-2: Ball
2-2: Foul Ball, location: 2F
2-2: Foul Ball, location: 2F
2-2: Grounds into double play, 4-6-3 (Groundball, 4)
Top of the 9th over - 0 runs, 1 hit, 0 errors, 0 left on base; Utica 9 - Havana 5
BOTTOM OF THE 9TH
Havana Rollers batting - Pitching for Utica Unicorns : RHP Mario González
Batting: LHB Zhi-huan Loong 0-0: Ball
1-0: Ball
2-0: Swinging Strike
2-1: Ball
3-1: Base on Balls
Batting: LHB José Torres 0-0: Ball
1-0: Ground out 4-3 (Groundball, 34)
Zhi-huan Loong to second
Batting: RHB Soshu Nakamura 0-0: Ball
1-0: SINGLE (Flyball, 9S)
Zhi-huan Loong to third
Pitching: RHP Mike Pierce
Batting: LHB Enrique Cortéz 0-0: Foul Ball, location: 2F
0-1: Ball
1-1: Ball
2-1: Swinging Strike
2-2: Strikes out swinging
Batting: RHB Brant Sherman 0-0: Swinging Strike
0-1: Ball
1-1: Ball
2-1: Foul Ball, location: 2F
2-2: Foul Ball, location: 2F
2-2: Ball
3-2: Foul Ball, location: 2F
3-2: Base on Balls
Soshu Nakamura to second
Pinch Hitting: SHB Pepe Piña 0-0: Called Strike
0-1: GRAND SLAM HOME RUN (Flyball, 9D), Distance : 386 ft
Batting: RHB Tommy Davenport 0-0: Called Strike
0-1: Ball
1-1: Ball
2-1: SINGLE (Groundball, 4) (infield hit)
Batting: LHB Shiro Ueno 0-0: Ground out 4-3 (Groundball, 4M)
Bottom of the 9th over - 4 runs, 3 hits, 0 errors, 1 left on base; Utica 9 - Havana 9
TOP OF THE 10TH
Utica Unicorns batting - Pitching for Havana Rollers : RHP Guan-cai Yong
Now at 3B: Ken MacDonald
Batting: RHB Gustavo Rodríguez 0-0: Ground out 5-3 (Groundball, 5)
Batting: LHB Patrick Bright 0-0: Ball
1-0: Ball
2-0: Called Strike
2-1: Called Strike
2-2: Strikes out looking
Batting: LHB Bill Hall 0-0: Ball
1-0: Ball
2-0: Ball
3-0: Swinging Strike
3-1: Called Strike
3-2: Foul Ball, location: 2F
3-2: Strikes out swinging
Top of the 10th over - 0 runs, 0 hits, 0 errors, 0 left on base; Utica 9 - Havana 9
BOTTOM OF THE 10TH
Havana Rollers batting - Pitching for Utica Unicorns : RHP Mike Pierce
Pitching: RHP Patrick Doyle
Batting: RHB Mitsuharu Matsumoto 0-0: Ball
1-0: Called Strike
1-1: Hit by Pitch
Batting: LHB Zhi-huan Loong 0-0: Bunted foul
0-1: Bunted foul
0-2: Hit by Pitch
Mitsuharu Matsumoto to second
Batting: LHB José Torres 0-0: Ball
1-0: Called Strike
1-1: Foul Ball, location: 2F
1-2: Ball
2-2: Strikes out looking
Batting: RHB Soshu Nakamura 0-0: Grounds into double play, 6-4-3 (Groundball, 6)
Bottom of the 10th over - 0 runs, 0 hits, 0 errors, 1 left on base; Utica 9 - Havana 9
TOP OF THE 11TH
Utica Unicorns batting - Pitching for Havana Rollers : RHP Guan-cai Yong
Pitching: RHP Kel Meyer
Batting: RHB Kenny Cole 0-0: Ball
1-0: Foul Ball, location: 2F
1-1: Ball
2-1: Ball
3-1: Called Strike
3-2: Foul Ball, location: 2F
3-2: Strikes out swinging
Batting: RHB Héctor Jiménez 0-0: Ball
1-0: Ball
2-0: Ball
3-0: Base on Balls
Pinch Runner at 1st Jesús Raugel:
Batting: RHB Doug Brown 0-0: Ball
Jesús Raugel is caught stealing 2nd base
1-0: Ball
2-0: Called Strike
2-1: Swinging Strike
2-2: Strikes out looking
Top of the 11th over - 0 runs, 0 hits, 0 errors, 0 left on base; Utica 9 - Havana 9
BOTTOM OF THE 11TH
Havana Rollers batting - Pitching for Utica Unicorns : RHP Patrick Doyle
Now at 2B: Gabriel Stout
Batting: LHB Enrique Cortéz 0-0: Called Strike
0-1: Ground out 4-3 (Groundball, 4)
Batting: RHB Brant Sherman 0-0: Ball
1-0: Ball
2-0: Ball
3-0: Called Strike
3-1: Swinging Strike
3-2: Ground out 1-3 (Groundball, 15)
Pitching: RHP Claudio Rivera
Pinch Hitting: RHB Paul Bailey 0-0: Foul Ball, location: 2F
0-1: SINGLE (Line Drive, 6D)
Batting: RHB Tommy Davenport 0-0: Ball
1-0: Ball
2-0: Called Strike
2-1: Ball
3-1: Called Strike
3-2: Base on Balls
Paul Bailey to second
Batting: LHB Shiro Ueno 0-0: Foul Ball, location: 2F
0-1: Foul Ball, location: 2F
0-2: Foul Ball, location: 2F
0-2: Ball
1-2: Ball
2-2: Fly out, F8 (Flyball, 8RS)
Bottom of the 11th over - 0 runs, 1 hit, 0 errors, 2 left on base; Utica 9 - Havana 9
TOP OF THE 12TH
Utica Unicorns batting - Pitching for Havana Rollers : RHP Kel Meyer
Now at 3B: Yasuhiro Ikarashi
Batting: LHB José Román 0-0: Foul Ball, location: 2F
0-1: Ground out 4-3 (Groundball, 4)
Pinch Hitting: RHB Jack Bailey 0-0: Ball
1-0: Ball
2-0: Called Strike
2-1: Ball
3-1: Base on Balls
Pinch Runner at 1st Raúl Morales:
Batting: LHB Mitchell Oglethorpe 0-0: Swinging Strike
0-1: Called Strike
0-2: Ball
1-2: Foul Ball, location: 2F
1-2: Fly out, F9 (Flyball, 9S)
Batting: RHB Gustavo Rodríguez 0-0: Ball
Raúl Morales is caught stealing 2nd base
Top of the 12th over - 0 runs, 0 hits, 0 errors, 0 left on base; Utica 9 - Havana 9
BOTTOM OF THE 12TH
Havana Rollers batting - Pitching for Utica Unicorns : RHP Claudio Rivera
Now at SS: Juan Caceres
Batting: RHB Mitsuharu Matsumoto 0-0: SINGLE (Line Drive, 78S)
Batting: LHB Zhi-huan Loong 0-0: Ball
1-0: Ball
2-0: Ball
3-0: Called Strike
3-1: Bunted foul
3-2: Strikes out swinging
Batting: LHB José Torres 0-0: Fly out, F2 (Popup, 2RF)
Batting: RHB Soshu Nakamura 0-0: Ball
1-0: Fly out, F8 (Flyball, 8RXD)
Bottom of the 12th over - 0 runs, 1 hit, 0 errors, 1 left on base; Utica 9 - Havana 9
TOP OF THE 13TH
Utica Unicorns batting - Pitching for Havana Rollers : RHP Kel Meyer
Pitching: RHP Brad Sharpe
Batting: RHB Gustavo Rodríguez 0-0: Called Strike
0-1: Called Strike
0-2: Foul Ball, location: 2F
0-2: Foul Ball, location: 2F
0-2: Ball
1-2: Ball
2-2: Ball
3-2: Foul Ball, location: 2F
3-2: Ground out 4-3 (Groundball, 4S)
Batting: LHB Patrick Bright 0-0: Ball
1-0: Ball
2-0: Ball
3-0: Called Strike
3-1: Foul Ball, location: 2F
3-2: Fly out, F9 (Flyball, 9D)
Batting: LHB Bill Hall 0-0: Ball
1-0: Called Strike
1-1: Foul Ball, location: 2F
1-2: Ball
2-2: Ground out U3 (Groundball, 3)
Top of the 13th over - 0 runs, 0 hits, 0 errors, 0 left on base; Utica 9 - Havana 9
BOTTOM OF THE 13TH
Havana Rollers batting - Pitching for Utica Unicorns : RHP Claudio Rivera
Batting: LHB Enrique Cortéz 0-0: Ball
1-0: SINGLE (Groundball, 34D)
Batting: RHB Brant Sherman 0-0: Ball
1-0: Ball
2-0: Foul Ball, location: 2F
2-1: Called Strike
2-2: Fly out, F9 (Flyball, 9S)
Batting: SHB Yasuhiro Ikarashi 0-0: Called Strike
0-1: Grounds into double play, 5-4-3 (Groundball, 56)
Bottom of the 13th over - 0 runs, 1 hit, 0 errors, 0 left on base; Utica 9 - Havana 9
TOP OF THE 14TH
Utica Unicorns batting - Pitching for Havana Rollers : RHP Brad Sharpe
Batting: RHB Kenny Cole 0-0: Ball
1-0: SINGLE (Line Drive, 89S)
Batting: RHB Gabriel Stout 0-0: Ball
1-0: Bunt - Flyout! F1
Batting: RHB Doug Brown 0-0: Called Strike
0-1: SINGLE (Flyball, 7LS)
Kenny Cole to second
Batting: LHB José Román 0-0: Ball
1-0: Foul Ball, location: 2F
1-1: Grounds into double play, 5-4-3 (Groundball, 5)
Top of the 14th over - 0 runs, 2 hits, 0 errors, 1 left on base; Utica 9 - Havana 9
BOTTOM OF THE 14TH
Havana Rollers batting - Pitching for Utica Unicorns : RHP Claudio Rivera
Batting: RHB Tommy Davenport 0-0: Ball
1-0: Foul Ball, location: 2F
1-1: Ball
2-1: Ball
3-1: Base on Balls
Batting: LHB Shiro Ueno 0-0: Reached on error, E5 (Groundball, 56)
Tommy Davenport to second
Batting: RHB Mitsuharu Matsumoto 0-0: Sac Bunt - play at first, batter OUT! 1-4
Tommy Davenport to third
Shiro Ueno to second
Batting: LHB Zhi-huan Loong 0-0: Intentional Walk
Batting: LHB José Torres 0-0: Ball
1-0: Ball
2-0: Ball
3-0: Base on Balls
Tommy Davenport scores
Shiro Ueno to third
Zhi-huan Loong to second
Saturday, December 16th, 2017 - OOTP Baseball 18.8 Build 76